Wolves vs Bears
(R1)
Created - December 28, 2022 at 22:03
Goals
|
| Wolves |
0 |
0 |
1 |
1 |
| Bears |
1 |
2 |
0 |
3 |
|
Shots
|
| Wolves |
7 |
9 |
8 |
24 |
| Bears |
15 |
14 |
6 |
35 |
|
1st period
1. Bears , Brett Bulmer 4 (Jamie McGinn 5) at 4:30
Penalties :
Sam Carrick (Her) for Hooking (Minor) at 1:11, Austin Wuthrich (Her) for Interference (Minor) at 12:02
2nd period
2. Bears , Kerby Rychel 16 (Max Friberg 21, Sam Carrick 11) at 13:32 (PP)
3. Bears , Kerby Rychel 17 (Tommy Vannelli 10) at 15:03 (PP)
Penalties :
Jakub Zboril (Chi) for Holding (Minor) at 2:26, Mike Hoffman (Her) for Boarding (Minor) at 8:01, Eric Robinson (Chi) for Interference (Minor) at 13:15, Antti Suomela (Chi) for Tripping (Minor) at 14:57, Kerby Rychel (Her) for Hooking (Minor) at 19:46
3rd period
4. Wolves , Jake Evans 13 (Matthew Kiersted 2) at 7:34
Penalties :
Liam O'Brien (Chi) for Tripping (Minor) at 4:41, Derek Forbort (Her) for Cross-checking (Minor) at 8:40, Nikolay Prokhorkin (Her) for Holding Stick (Minor) at 17:01
Goalie Stats
Ebbe Siönäs (Chi), 32 saves from 35 shots - (0.914), L, 6-9-3, 60:00 minutes
Sami Aittokallio (Her), 23 saves from 24 shots - (0.958), W, 3-2-2, 60:00 minutes
Players Stats for Wolves
Player Name G A P +/- PIM S H SB GA TA FO MP PP MP PK MP
------------------------------------------------------------------------------------
Antti Suomela 0 0 0 -1 2 3 3 2 0 1 12/26 21:27 6:28 2:07
Dylan Coghlan 0 0 0 0 0 0 1 1 0 0 0/0 21:11 5:33 1:12
Eric Robinson 0 0 0 -1 2 0 0 1 0 1 3/3 21:33 6:28 1:57
Fredrik Olofsson 0 0 0 0 0 0 0 0 1 0 0/1 12:47 0:17 1:10
Hayden Hodgson 0 0 0 1 0 2 2 0 0 0 1/3 19:17 5:21 1:55
Jack Ahcan 0 0 0 0 0 0 0 0 0 0 0/0 1:55 0:00 0:07
Jake Evans 1 0 1 1 0 4 0 0 1 1 4/11 18:06 5:21 0:56
Jakub Zboril 0 0 0 0 2 2 1 4 0 1 0/0 23:58 6:21 1:50
Jalen Chatfield 0 0 0 0 0 2 1 1 0 1 0/0 26:46 6:21 3:02
Jesper Boqvist 0 0 0 0 0 1 1 0 0 0 0/2 11:24 0:00 0:37
Joona Koppanen 0 0 0 0 0 0 0 0 0 0 0/0 0:00 0:00 0:00
Kieffer Bellows 0 0 0 0 0 1 1 0 0 0 0/0 7:24 0:00 0:00
Kyle Capobianco 0 0 0 0 0 0 0 1 0 0 0/0 12:31 0:00 0:35
Liam O'Brien 0 0 0 0 2 1 2 0 0 0 0/4 7:23 0:00 0:00
Maksim Sushko 0 0 0 0 0 0 0 0 0 0 0/0 11:02 0:05 0:00
Matthew Kiersted 0 1 1 0 0 0 0 1 0 0 0/0 12:40 0:00 0:44
Parker Kelly 0 0 0 0 0 0 0 0 0 0 0/0 0:48 0:05 0:00
Samuel Girard 0 0 0 0 0 2 2 0 0 1 0/0 21:11 5:33 1:12
Sasha Chmelevski 0 0 0 0 0 0 0 0 0 0 0/0 0:00 0:00 0:00
Stelio Mattheos 0 0 0 0 0 0 0 0 0 0 0/0 7:24 0:00 0:00
Thomas Spelling 0 0 0 -1 0 3 1 0 0 0 1/1 19:37 6:16 0:00
Wade Allison 0 0 0 1 0 3 1 0 1 0 0/0 17:11 5:21 0:00
Players Stats for Bears
Player Name G A P +/- PIM S H SB GA TA FO MP PP MP PK MP
------------------------------------------------------------------------------------
A.J. Jenks 0 0 0 -1 0 1 1 0 1 0 0/0 10:35 0:00 2:01
Angelo Esposito 0 0 0 -1 0 3 0 1 0 0 0/0 8:54 0:00 0:34
Austin Wuthrich 0 0 0 -1 2 1 1 0 0 0 0/0 9:27 0:25 0:00
Brett Bulmer 1 0 1 1 0 4 1 1 0 0 0/0 7:23 0:00 0:00
Cole Smith 0 0 0 0 0 0 0 0 0 0 1/1 2:12 0:25 0:00
Derek Forbort 0 0 0 0 2 2 0 3 0 1 0/0 19:19 1:24 4:34
Emil Johansson 0 0 0 -1 0 0 0 1 0 0 0/0 10:33 0:05 0:14
Gianluca Curcuruto 0 0 0 0 0 1 1 1 0 0 0/0 20:07 1:22 5:28
Jacob Bryson 0 0 0 0 0 0 0 0 0 0 0/0 5:20 0:00 0:00
Jamie McGinn 0 1 1 1 0 1 0 0 1 1 0/0 7:23 0:00 0:00
Jesper Pettersson 0 0 0 0 0 0 0 0 0 0 0/0 1:20 0:07 0:00
Joshua Leivo 0 0 0 0 0 6 2 0 2 0 0/1 18:46 1:33 3:53
Kerby Rychel 2 0 2 0 2 4 2 1 1 1 1/3 18:18 2:23 3:13
Logan O'Connor 0 0 0 0 0 0 0 0 0 0 0/0 2:08 0:25 0:00
Max Friberg 0 1 1 0 0 3 0 1 0 0 4/11 21:47 2:23 6:36
Michael Prapavessis 0 0 0 -1 0 0 0 0 0 0 0/0 9:34 0:00 0:40
Mike Hoffman 0 0 0 0 2 4 1 0 1 0 0/0 14:56 1:33 0:00
Mikko Vainonen 0 0 0 1 0 1 0 1 0 0 0/0 24:19 2:52 6:26
Nikolay Prokhorkin 0 0 0 0 2 0 1 0 0 0 0/1 3:25 0:00 2:07
Ryan Graves 0 0 0 0 0 0 0 0 0 0 0/0 5:20 0:00 0:00
Sam Carrick 0 1 1 0 2 1 2 3 0 0 15/21 20:19 2:23 5:24
Tommy Vannelli 0 1 1 1 0 0 0 1 0 0 0/0 24:19 2:52 6:26
Vincent Dunn 0 0 0 1 0 1 0 0 0 0 2/2 7:23 0:00 0:00
Warren Foegele 0 0 0 0 0 0 0 0 0 0 0/0 0:00 0:00 0:00
Zach Stepan 0 0 0 0 0 2 2 1 0 0 7/11 14:53 1:33 0:00
3 Stars
1 - Kerby Rychel (Her)
2 - Brett Bulmer (Her)
3 - Sami Aittokallio (Her)
Power Play
Wolves - 0 on 6 Attempt(s) - 0.00%
Bears - 2 on 4 Attempt(s) - 50.00%
Penalty Kill
Wolves - 2 on 4 Attempt(s) - 50.00%
- Score 0 goal in Penalty Kill
Bears - 6 on 6 Attempt(s) - 100.00%
- Score 0 goal in Penalty Kill
Team Stat
Wolves - Hits : 16 - Faceoff Wins : 21 - Blocked Shots : 11 - Penalty Minutes : 8
Bears - Hits : 14 - Faceoff Wins : 30 - Blocked Shots : 15 - Penalty Minutes : 12
Official
Referees : Pierre Lambert and Brad Meier
Linesman : Brad Kovachik and Brian Mach
Game Notes
No Game Note
Finance
Level 1 -- Attendance: 1776 (88.80%) -- Ticket Income $62,160
Level 2 -- Attendance: 853 (85.30%) -- Ticket Income $12,795
Total Attendance: 2629 (87.63%)
Total Ticket Income: $74,955
Other Income: $3,748
Total Income: $78,703
Wolves
5 vs 5 Forward
Center Left Wing Right Wing Time % Phy DF OF
1 Antti Suomela Eric Robinson Thomas Spelling 40 1 2 2
2 Jake Evans Hayden Hodgson Wade Allison 30 1 2 2
3 Jesper Boqvist Fredrik Olofsson Maksim Sushko 20 1 2 2
4 Liam O'Brien Kieffer Bellows Stelio Mattheos 10 1 2 2
5 vs 5 Defense
Defense Defense Time % Phy DF OF
1 Jalen Chatfield Jakub Zboril 40 1 2 2
2 Samuel Girard Dylan Coghlan 30 1 2 2
3 Matthew Kiersted Kyle Capobianco 20 1 2 2
4 Jack Ahcan Jalen Chatfield 10 1 2 2
PowerPlay Forward
Center Left Wing Right Wing Time % Phy DF OF
1 Antti Suomela Eric Robinson Thomas Spelling 60 1 2 2
2 Jake Evans Hayden Hodgson Wade Allison 40 1 2 2
PowerPlay Defense
Defense Defense Time % Phy DF OF
1 Jalen Chatfield Jakub Zboril 60 1 2 2
2 Samuel Girard Dylan Coghlan 40 1 2 2
Penalty Kill 4 Players Forward
Center Wing Time % Phy DF OF
1 Antti Suomela Eric Robinson 60 1 2 2
2 Jake Evans Hayden Hodgson 40 1 2 2
Penalty Kill 4 Players Defense
Defense Defense Time % Phy DF OF
1 Jalen Chatfield Jakub Zboril 60 1 2 2
2 Samuel Girard Dylan Coghlan 40 1 2 2
Penalty Kill - 3 Players Forward
Forward Time % Phy DF OF
1 Antti Suomela 60 1 2 2
2 Jake Evans 40 1 2 2
Penalty Kill - 3 Players Defense
Defense Defense Time % Phy DF OF
1 Jalen Chatfield Jakub Zboril 60 1 2 2
2 Samuel Girard Dylan Coghlan 40 1 2 2
4 vs 4 Forward
Center Wing Time % Phy DF OF
1 Antti Suomela Eric Robinson 60 1 2 2
2 Jake Evans Hayden Hodgson 40 1 2 2
4 vs 4 Defense
Defense Defense Time % Phy DF OF
1 Jalen Chatfield Jakub Zboril 60 1 2 2
2 Samuel Girard Dylan Coghlan 40 1 2 2
Last Minutes Offensive
Center Left Wing Right Wing Defense Defense
Antti Suomela Eric Robinson Thomas Spelling Jalen Chatfield Jakub Zboril
Last Minutes Defensive
Center Left Wing Right Wing Defense Defense
Antti Suomela Eric Robinson Thomas Spelling Jalen Chatfield Jakub Zboril
Goaltenders
Starting : Ebbe Siönäs
Backup : Ukko-Pekka Luukkonen
Extra Forwards
Normal : Hayden Hodgson, Fredrik Olofsson, Wade Allison - PP : Hayden Hodgson, Fredrik Olofsson - PK : Hayden Hodgson
Extra Defensemen
Normal : Matthew Kiersted, Kyle Capobianco, Jack Ahcan - PP : Matthew Kiersted - PK : Matthew Kiersted, Kyle Capobianco
Penalty Shots
Thomas Spelling, Antti Suomela, Jake Evans, Eric Robinson, Hayden Hodgson
Scratches
None
Bears
5 vs 5 Forward
Center Left Wing Right Wing Time % Phy DF OF
1 Sam Carrick Kerby Rychel Max Friberg 40 1 2 2
2 Zach Stepan Mike Hoffman Joshua Leivo 30 1 2 2
3 Angelo Esposito A.J. Jenks Austin Wuthrich 20 1 2 2
4 Vincent Dunn Jamie McGinn Brett Bulmer 10 1 2 2
5 vs 5 Defense
Defense Defense Time % Phy DF OF
1 Mikko Vainonen Tommy Vannelli 40 1 2 2
2 Derek Forbort Gianluca Curcuruto 30 1 2 2
3 Michael Prapavessis Emil Johansson 20 1 2 2
4 Ryan Graves Jacob Bryson 10 1 2 2
PowerPlay Forward
Center Left Wing Right Wing Time % Phy DF OF
1 Sam Carrick Kerby Rychel Max Friberg 60 1 2 2
2 Zach Stepan Mike Hoffman Joshua Leivo 40 1 2 2
PowerPlay Defense
Defense Defense Time % Phy DF OF
1 Mikko Vainonen Tommy Vannelli 60 1 2 2
2 Derek Forbort Gianluca Curcuruto 40 1 2 2
Penalty Kill 4 Players Forward
Center Wing Time % Phy DF OF
1 Max Friberg Sam Carrick 60 1 2 2
2 Joshua Leivo Kerby Rychel 40 1 2 2
Penalty Kill 4 Players Defense
Defense Defense Time % Phy DF OF
1 Mikko Vainonen Tommy Vannelli 60 1 2 2
2 Derek Forbort Gianluca Curcuruto 40 1 2 2
Penalty Kill - 3 Players Forward
Forward Time % Phy DF OF
1 Max Friberg 60 1 2 2
2 Sam Carrick 40 1 2 2
Penalty Kill - 3 Players Defense
Defense Defense Time % Phy DF OF
1 Mikko Vainonen Tommy Vannelli 60 1 2 2
2 Derek Forbort Gianluca Curcuruto 40 1 2 2
4 vs 4 Forward
Center Wing Time % Phy DF OF
1 Max Friberg Sam Carrick 60 1 2 2
2 Joshua Leivo Kerby Rychel 40 1 2 2
4 vs 4 Defense
Defense Defense Time % Phy DF OF
1 Mikko Vainonen Tommy Vannelli 60 1 2 2
2 Derek Forbort Gianluca Curcuruto 40 1 2 2
Last Minutes Offensive
Center Left Wing Right Wing Defense Defense
Sam Carrick Kerby Rychel Max Friberg Mikko Vainonen Tommy Vannelli
Last Minutes Defensive
Center Left Wing Right Wing Defense Defense
Sam Carrick Kerby Rychel Max Friberg Mikko Vainonen Tommy Vannelli
Goaltenders
Starting : Sami Aittokallio
Backup : Jake Allen
Extra Forwards
Normal : Cole Smith, Logan O'Connor, Nikolay Prokhorkin - PP : Cole Smith, Logan O'Connor - PK : Nikolay Prokhorkin
Extra Defensemen
Normal : Jesper Pettersson, Michael Prapavessis, Emil Johansson - PP : Jesper Pettersson - PK : Michael Prapavessis, Emil Johansson
Penalty Shots
Max Friberg, Sam Carrick, Joshua Leivo, Kerby Rychel, Mike Hoffman
Scratches
Colby Cave (Healthy), David Farrance (Healthy), Mackenze Stewart (Healthy), Zack Hayes (Healthy), Mario Ferraro (Healthy)
Will Reilly (Healthy), Nicolas Aube-Kubel (Suspend), Kristians Rubins (Healthy), Isaac Ratcliffe (Healthy), Nicholas Caamano (Healthy)
Jakob Stenqvist (Healthy), Arvid Henrikson (Healthy), Kirill Maksimov (Healthy)
% Time on Ice - Wolves
Lines # - Real PCT - Wanted PCT - Time Play
Normal Forward
1 - 32% - 40% - 13:50
2 - 28% - 30% - 12:22
3 - 23% - 20% - 10:09
4 - 17% - 10% - 7:24
Normal Defense
1 - 36% - 40% - 15:35
2 - 33% - 30% - 14:26
3 - 27% - 20% - 11:56
4 - 4% - 10% - 1:48
PP Forward
1 - 55% - 60% - 6:33
2 - 45% - 40% - 5:21
PP Defense
1 - 53% - 60% - 6:21
2 - 47% - 40% - 5:33
PK Forward
1 - 79% - 60% - 3:25
2 - 21% - 40% - 0:56
PK Defense
1 - 72% - 60% - 3:09
2 - 28% - 40% - 1:12
PK3 Forward
1 - 0% - 60%
2 - 0% - 40%
PK3 Defense
1 - 0% - 60%
2 - 0% - 40%
44 Forward
1 - 0% - 60%
2 - 0% - 40%
44 Defense
1 - 0% - 60%
2 - 0% - 40%
Last Minute Offensive - 0:00
Last Minute Defensive - 0:00
Total
Forward - 60:00
Defense - 60:00
|
% Time on Ice - Bears
Lines # - Real PCT - Wanted PCT - Time Play
Normal Forward
1 - 32% - 40% - 14:04
2 - 32% - 30% - 14:01
3 - 19% - 20% - 8:17
4 - 17% - 10% - 7:23
Normal Defense
1 - 37% - 40% - 16:14
2 - 30% - 30% - 13:17
3 - 20% - 20% - 8:54
4 - 12% - 10% - 5:20
PP Forward
1 - 58% - 60% - 2:31
2 - 42% - 40% - 1:50
PP Defense
1 - 69% - 60% - 2:59
2 - 31% - 40% - 1:22
PK Forward
1 - 67% - 60% - 8:01
2 - 33% - 40% - 3:53
PK Defense
1 - 54% - 60% - 6:26
2 - 46% - 40% - 5:28
PK3 Forward
1 - 0% - 60%
2 - 0% - 40%
PK3 Defense
1 - 0% - 60%
2 - 0% - 40%
44 Forward
1 - 0% - 60%
2 - 0% - 40%
44 Defense
1 - 0% - 60%
2 - 0% - 40%
Last Minute Offensive - 0:00
Last Minute Defensive - 0:00
Total
Forward - 60:00
Defense - 60:00
|
Play-by-Play
1st period
0:01 of 1st period - Antti Suomela wins face-off versus Kerby Rychel in neutral zone.
0:06 of 1st period - Snap shot by Eric Robinson.
0:06 of 1st period - Shot Misses the Net.
0:13 of 1st period - Off-side.
0:14 of 1st period - Jake Evans wins face-off versus Zach Stepan in neutral zone.
0:52 of 1st period - Samuel Girard is hit by Gianluca Curcuruto and loses puck.
1:05 of 1st period - Michael Prapavessis is hit by Dylan Coghlan and loses puck.
1:11 of 1st period - Minor Penalty to Sam Carrick for Hooking.
1:12 of 1st period - Eric Robinson wins face-off versus Nikolay Prokhorkin in Bears zone.
3:10 of 1st period - Mikko Vainonen is hit by Hayden Hodgson and loses puck.
3:11 of 1st period - Penalty to Sam Carrick is over, Sam Carrick is back on ice.
3:42 of 1st period - Off-side.
3:43 of 1st period - Zach Stepan wins face-off versus Jesper Boqvist in neutral zone.
3:48 of 1st period - Snap shot by Mike Hoffman.
3:48 of 1st period - Deflect By Joshua Leivo.
3:48 of 1st period - Stopped by Ebbe Siönäs with a rebound.
3:50 of 1st period - Wrist shot by Mike Hoffman.
3:50 of 1st period - Shot Blocked by Matthew Kiersted.
3:54 of 1st period - Slapshot by Joshua Leivo.
3:54 of 1st period - Stopped by Ebbe Siönäs with a rebound.
4:30 of 1st period - Wrist shot by Brett Bulmer.
4:30 of 1st period - Goal by Brett Bulmer - Wolves : 0 - Bears : 1.
4:31 of 1st period - Sam Carrick wins face-off versus Antti Suomela in neutral zone.
5:18 of 1st period - Snap shot by Kieffer Bellows.
5:18 of 1st period - Deflect By Liam O'Brien.
5:18 of 1st period - Stopped by Sami Aittokallio with a rebound.
5:40 of 1st period - Slapshot by Antti Suomela.
5:40 of 1st period - Shot Blocked by Brett Bulmer.
5:42 of 1st period - Slapshot by Jalen Chatfield.
5:42 of 1st period - Deflect By Brett Bulmer.
5:42 of 1st period - Stopped by Sami Aittokallio without a rebound.
5:43 of 1st period - Kerby Rychel wins face-off versus Jake Evans in Bears zone.
5:50 of 1st period - Wrist shot by Max Friberg.
5:50 of 1st period - Shot Blocked by Jalen Chatfield.
6:38 of 1st period - Wrist shot by Austin Wuthrich.
6:38 of 1st period - Stopped by Ebbe Siönäs with a rebound.
8:20 of 1st period - Backhand shot by Jake Evans.
8:20 of 1st period - Stopped by Sami Aittokallio without a rebound.
8:21 of 1st period - Sam Carrick wins face-off versus Jake Evans in Bears zone.
8:48 of 1st period - Tommy Vannelli is hit by Antti Suomela and loses puck.
9:40 of 1st period - Wrist shot by Jakub Zboril.
9:40 of 1st period - Stopped by Sami Aittokallio without a rebound.
9:41 of 1st period - Thomas Spelling wins face-off versus Zach Stepan in Bears zone.
9:48 of 1st period - Jalen Chatfield is hit by Joshua Leivo and loses puck.
10:17 of 1st period - Snap shot by Wade Allison.
10:17 of 1st period - Stopped by Sami Aittokallio with a rebound.
11:02 of 1st period - Slapshot by Brett Bulmer.
11:02 of 1st period - Stopped by Ebbe Siönäs without a rebound.
11:03 of 1st period - Sam Carrick wins face-off versus Antti Suomela in Wolves zone.
11:28 of 1st period - Hayden Hodgson is hit by Mike Hoffman and loses puck.
12:02 of 1st period - Minor Penalty to Austin Wuthrich for Interference.
12:03 of 1st period - Antti Suomela wins face-off versus Max Friberg in Bears zone.
12:09 of 1st period - Snap shot by Antti Suomela.
12:09 of 1st period - Stopped by Sami Aittokallio with a rebound.
12:54 of 1st period - Icing by Eric Robinson.
12:55 of 1st period - Antti Suomela wins face-off versus Max Friberg in Wolves zone.
13:10 of 1st period - Wrist shot by Jake Evans.
13:10 of 1st period - Shot Blocked by Kerby Rychel.
13:14 of 1st period - Snap shot by Hayden Hodgson.
13:14 of 1st period - Stopped by Sami Aittokallio with a rebound.
13:16 of 1st period - Slapshot by Dylan Coghlan.
13:16 of 1st period - Shot Misses the Net.
13:36 of 1st period - Max Friberg is hit by Samuel Girard.
14:02 of 1st period - Penalty to Austin Wuthrich is over, Austin Wuthrich is back on ice.
14:12 of 1st period - Icing by Jamie McGinn.
14:13 of 1st period - Vincent Dunn wins face-off versus Jesper Boqvist in Bears zone.
14:13 of 1st period - Brett Bulmer is hit by Jesper Boqvist and loses puck.
14:24 of 1st period - Wrist shot by Jamie McGinn.
14:24 of 1st period - Deflect By Vincent Dunn.
14:24 of 1st period - Shot Misses the Net.
14:24 of 1st period - Puck is out of play.
14:25 of 1st period - Antti Suomela wins face-off versus Sam Carrick in Wolves zone.
14:25 of 1st period - Antti Suomela is hit by Kerby Rychel.
14:37 of 1st period - Slapshot by Sam Carrick.
14:37 of 1st period - Shot Blocked by Eric Robinson.
14:39 of 1st period - Slapshot by Max Friberg.
14:39 of 1st period - Shot Blocked by Antti Suomela.
14:41 of 1st period - Slapshot by Max Friberg.
14:41 of 1st period - Stopped by Ebbe Siönäs with a rebound.
15:11 of 1st period - Slapshot by A.J. Jenks.
15:11 of 1st period - Shot Misses the Net.
15:13 of 1st period - Snap shot by Derek Forbort.
15:13 of 1st period - Shot Blocked by Dylan Coghlan.
15:15 of 1st period - Wrist shot by Angelo Esposito.
15:15 of 1st period - Stopped by Ebbe Siönäs with a rebound.
15:17 of 1st period - Wrist shot by A.J. Jenks.
15:17 of 1st period - Shot Misses the Net.
15:31 of 1st period - Jamie McGinn is hit by Kieffer Bellows and loses puck.
15:38 of 1st period - Snap shot by Kieffer Bellows.
15:38 of 1st period - Deflect By Jamie McGinn.
15:38 of 1st period - Shot Blocked by Emil Johansson.
15:38 of 1st period - Puck is out of play.
15:39 of 1st period - Sam Carrick wins face-off versus Antti Suomela in Bears zone.
15:39 of 1st period - Sam Carrick is hit by Antti Suomela.
16:07 of 1st period - Snap shot by Wade Allison.
16:07 of 1st period - Deflect By Jake Evans.
16:07 of 1st period - Shot Blocked by Mikko Vainonen.
16:07 of 1st period - Puck is out of play.
16:08 of 1st period - Zach Stepan wins face-off versus Jake Evans in Bears zone.
16:15 of 1st period - Snap shot by Joshua Leivo.
16:15 of 1st period - Shot Blocked by Jakub Zboril.
16:25 of 1st period - Backhand shot by Mike Hoffman.
16:25 of 1st period - Shot Misses the Net.
16:37 of 1st period - Wrist shot by Joshua Leivo.
16:37 of 1st period - Stopped by Ebbe Siönäs with a rebound.
16:39 of 1st period - Slapshot by Mikko Vainonen.
16:39 of 1st period - Stopped by Ebbe Siönäs with a rebound.
16:53 of 1st period - Wrist shot by Jake Evans.
16:53 of 1st period - Shot Blocked by Tommy Vannelli.
17:07 of 1st period - Slapshot by Mike Hoffman.
17:07 of 1st period - Stopped by Ebbe Siönäs with a rebound.
17:09 of 1st period - Slapshot by Tommy Vannelli.
17:09 of 1st period - Shot Misses the Net.
17:11 of 1st period - Wrist shot by Mike Hoffman.
17:11 of 1st period - Shot Blocked by Jakub Zboril.
17:13 of 1st period - Slapshot by Tommy Vannelli.
17:13 of 1st period - Shot Misses the Net.
17:15 of 1st period - Snap shot by Joshua Leivo.
17:15 of 1st period - Stopped by Ebbe Siönäs with a rebound.
17:29 of 1st period - Slapshot by Mike Hoffman.
17:29 of 1st period - Stopped by Ebbe Siönäs with a rebound.
17:31 of 1st period - Wrist shot by Joshua Leivo.
17:31 of 1st period - Stopped by Ebbe Siönäs with a rebound.
17:33 of 1st period - Wrist shot by Joshua Leivo.
17:33 of 1st period - Deflect By Zach Stepan.
17:33 of 1st period - Shot Misses the Net.
17:33 of 1st period - Puck is out of play.
17:34 of 1st period - Antti Suomela wins face-off versus Max Friberg in Wolves zone.
17:40 of 1st period - Icing by Antti Suomela.
17:41 of 1st period - Sam Carrick wins face-off versus Antti Suomela in Wolves zone.
17:52 of 1st period - Snap shot by Max Friberg.
17:52 of 1st period - Stopped by Ebbe Siönäs with a rebound.
18:11 of 1st period - Wrist shot by Fredrik Olofsson.
18:11 of 1st period - Shot Misses the Net.
19:27 of 1st period - Mikko Vainonen is hit by Liam O'Brien.
19:55 of 1st period - Wrist shot by Angelo Esposito.
19:55 of 1st period - Stopped by Ebbe Siönäs with a rebound.
Goals for this period are 0 for Wolves vs 1 for Bears.
Shots for this period are 7 for Wolves vs 15 for Bears.
2nd period
0:01 of 2nd period - Sam Carrick wins face-off versus Antti Suomela in neutral zone.
0:08 of 2nd period - Snap shot by Kerby Rychel.
0:08 of 2nd period - Stopped by Ebbe Siönäs with a rebound.
1:37 of 2nd period - Snap shot by Antti Suomela.
1:37 of 2nd period - Stopped by Sami Aittokallio with a rebound.
1:39 of 2nd period - Slapshot by Samuel Girard.
1:39 of 2nd period - Shot Blocked by Gianluca Curcuruto.
1:41 of 2nd period - Wrist shot by Thomas Spelling.
1:41 of 2nd period - Shot Blocked by Derek Forbort.
2:02 of 2nd period - Snap shot by Jakub Zboril.
2:02 of 2nd period - Shot Blocked by Angelo Esposito.
2:04 of 2nd period - Wrist shot by Wade Allison.
2:04 of 2nd period - Stopped by Sami Aittokallio with a rebound.
2:06 of 2nd period - Slapshot by Jakub Zboril.
2:06 of 2nd period - Shot Misses the Net.
2:26 of 2nd period - Minor Penalty to Jakub Zboril for Holding.
2:27 of 2nd period - Sam Carrick wins face-off versus Antti Suomela in Wolves zone.
3:30 of 2nd period - Mike Hoffman is hit by Samuel Girard and loses puck.
4:26 of 2nd period - Penalty to Jakub Zboril is over, Jakub Zboril is back on ice.
4:32 of 2nd period - Logan O'Connor is hit by Hayden Hodgson and loses puck.
4:38 of 2nd period - Icing by Austin Wuthrich.
4:39 of 2nd period - Cole Smith wins face-off versus Liam O'Brien in Bears zone.
4:48 of 2nd period - Kyle Capobianco is hit by Austin Wuthrich and loses puck.
4:55 of 2nd period - Backhand shot by Kieffer Bellows.
4:55 of 2nd period - Shot Misses the Net.
5:29 of 2nd period - Wrist shot by Mike Hoffman.
5:29 of 2nd period - Stopped by Ebbe Siönäs with a rebound.
5:35 of 2nd period - Wrist shot by Mike Hoffman.
5:35 of 2nd period - Shot Misses the Net.
5:38 of 2nd period - Icing by Jakub Zboril.
5:39 of 2nd period - Max Friberg wins face-off versus Fredrik Olofsson in Wolves zone.
6:04 of 2nd period - Thomas Spelling is hit by Joshua Leivo and loses puck.
6:18 of 2nd period - Icing by Joshua Leivo.
6:19 of 2nd period - Jake Evans wins face-off versus Zach Stepan in Bears zone.
6:26 of 2nd period - Wrist shot by Jake Evans.
6:26 of 2nd period - Stopped by Sami Aittokallio with a rebound.
6:52 of 2nd period - Snap shot by Max Friberg.
6:52 of 2nd period - Shot Misses the Net.
7:10 of 2nd period - Tommy Vannelli is hit by Jalen Chatfield and loses puck.
7:39 of 2nd period - Icing by Jakub Zboril.
7:40 of 2nd period - Sam Carrick wins face-off versus Liam O'Brien in Wolves zone.
7:59 of 2nd period - Wrist shot by Kieffer Bellows.
7:59 of 2nd period - Stopped by Sami Aittokallio with a rebound.
8:01 of 2nd period - Minor Penalty to Mike Hoffman for Boarding.
8:02 of 2nd period - Antti Suomela wins face-off versus Max Friberg in Bears zone.
8:13 of 2nd period - Snap shot by Thomas Spelling.
8:13 of 2nd period - Shot Misses the Net.
8:15 of 2nd period - Wrist shot by Eric Robinson.
8:15 of 2nd period - Shot Misses the Net.
8:17 of 2nd period - Snap shot by Samuel Girard.
8:17 of 2nd period - Deflect By Derek Forbort.
8:17 of 2nd period - Stopped by Sami Aittokallio with a rebound.
8:37 of 2nd period - Snap shot by Wade Allison.
8:37 of 2nd period - Stopped by Sami Aittokallio without a rebound.
8:38 of 2nd period - Jake Evans wins face-off versus Joshua Leivo in Bears zone.
9:01 of 2nd period - Eric Robinson is hit by Kerby Rychel and loses puck.
10:01 of 2nd period - Penalty to Mike Hoffman is over, Mike Hoffman is back on ice.
10:18 of 2nd period - Snap shot by Jamie McGinn.
10:18 of 2nd period - Shot Misses the Net.
10:20 of 2nd period - Slapshot by Jamie McGinn.
10:20 of 2nd period - Stopped by Ebbe Siönäs with a rebound.
10:30 of 2nd period - Fredrik Olofsson is hit by A.J. Jenks and loses puck.
10:51 of 2nd period - Snap shot by Jesper Boqvist.
10:51 of 2nd period - Stopped by Sami Aittokallio with a rebound.
10:53 of 2nd period - Slapshot by Jakub Zboril.
10:53 of 2nd period - Stopped by Sami Aittokallio without a rebound.
10:54 of 2nd period - Sam Carrick wins face-off versus Liam O'Brien in Bears zone.
11:19 of 2nd period - Zach Stepan is hit by Wade Allison and loses puck.
12:29 of 2nd period - Samuel Girard is hit by Sam Carrick and loses puck.
13:15 of 2nd period - Minor Penalty to Eric Robinson for Interference.
13:16 of 2nd period - Sam Carrick wins face-off versus Hayden Hodgson in Wolves zone.
13:22 of 2nd period - Slapshot by Max Friberg.
13:22 of 2nd period - Shot Misses the Net.
13:24 of 2nd period - Snap shot by Sam Carrick.
13:24 of 2nd period - Stopped by Ebbe Siönäs with a rebound.
13:32 of 2nd period - Snap shot by Kerby Rychel.
13:32 of 2nd period - Goal by Kerby Rychel - Wolves : 0 - Bears : 2.
13:33 of 2nd period - Eric Robinson wins face-off versus Kerby Rychel in neutral zone.
13:38 of 2nd period - Slapshot by Eric Robinson.
13:38 of 2nd period - Shot Blocked by Sam Carrick.
13:40 of 2nd period - Wrist shot by Jalen Chatfield.
13:40 of 2nd period - Stopped by Sami Aittokallio with a rebound.
13:48 of 2nd period - Wrist shot by Thomas Spelling.
13:48 of 2nd period - Shot Blocked by Sam Carrick.
14:19 of 2nd period - Slapshot by Samuel Girard.
14:19 of 2nd period - Shot Misses the Net.
14:57 of 2nd period - Minor Penalty to Antti Suomela for Tripping.
14:58 of 2nd period - Hayden Hodgson wins face-off versus Sam Carrick in Wolves zone.
15:03 of 2nd period - Wrist shot by Kerby Rychel.
15:03 of 2nd period - Goal by Kerby Rychel - Wolves : 0 - Bears : 3.
15:04 of 2nd period - Antti Suomela wins face-off versus Sam Carrick in neutral zone.
15:09 of 2nd period - Wrist shot by Thomas Spelling.
15:09 of 2nd period - Shot Misses the Net.
16:01 of 2nd period - Slapshot by Angelo Esposito.
16:01 of 2nd period - Stopped by Ebbe Siönäs with a rebound.
16:11 of 2nd period - Wrist shot by Vincent Dunn.
16:11 of 2nd period - Deflect By Brett Bulmer.
16:11 of 2nd period - Stopped by Ebbe Siönäs with a rebound.
16:13 of 2nd period - Wrist shot by Vincent Dunn.
16:13 of 2nd period - Stopped by Ebbe Siönäs without a rebound.
16:14 of 2nd period - Vincent Dunn wins face-off versus Antti Suomela in Wolves zone.
16:54 of 2nd period - Snap shot by Jamie McGinn.
16:54 of 2nd period - Shot Blocked by Kyle Capobianco.
16:56 of 2nd period - Snap shot by Derek Forbort.
16:56 of 2nd period - Deflect By Antti Suomela.
16:56 of 2nd period - Stopped by Ebbe Siönäs with a rebound.
16:58 of 2nd period - Wrist shot by Jamie McGinn.
16:58 of 2nd period - Shot Misses the Net.
17:00 of 2nd period - Snap shot by Brett Bulmer.
17:00 of 2nd period - Shot Blocked by Antti Suomela.
17:02 of 2nd period - Wrist shot by Brett Bulmer.
17:02 of 2nd period - Stopped by Ebbe Siönäs without a rebound.
17:03 of 2nd period - Sam Carrick wins face-off versus Jake Evans in Wolves zone.
17:33 of 2nd period - Slapshot by Joshua Leivo.
17:33 of 2nd period - Stopped by Ebbe Siönäs with a rebound.
18:28 of 2nd period - Icing by Jalen Chatfield.
18:29 of 2nd period - Zach Stepan wins face-off versus Antti Suomela in Wolves zone.
18:30 of 2nd period - Slapshot by Mike Hoffman.
18:30 of 2nd period - Shot Misses the Net.
18:32 of 2nd period - Snap shot by Joshua Leivo.
18:32 of 2nd period - Shot Misses the Net.
18:34 of 2nd period - Wrist shot by Zach Stepan.
18:34 of 2nd period - Stopped by Ebbe Siönäs with a rebound.
18:55 of 2nd period - Off-side.
18:56 of 2nd period - Sam Carrick wins face-off versus Hayden Hodgson in neutral zone.
19:05 of 2nd period - Wade Allison is hit by Sam Carrick and loses puck.
19:12 of 2nd period - Wrist shot by Max Friberg.
19:12 of 2nd period - Stopped by Ebbe Siönäs without a rebound.
19:13 of 2nd period - Zach Stepan wins face-off versus Antti Suomela in Wolves zone.
19:46 of 2nd period - Minor Penalty to Kerby Rychel for Hooking.
19:47 of 2nd period - Antti Suomela wins face-off versus Max Friberg in Bears zone.
19:51 of 2nd period - Wrist shot by Antti Suomela.
19:51 of 2nd period - Deflect By Thomas Spelling.
19:51 of 2nd period - Shot Misses the Net.
19:51 of 2nd period - Puck is out of play.
19:52 of 2nd period - Max Friberg wins face-off versus Antti Suomela in Bears zone.
Goals for this period are 0 for Wolves vs 2 for Bears.
Shots for this period are 9 for Wolves vs 14 for Bears.
3rd period
0:01 of 3rd period - Max Friberg wins face-off versus Antti Suomela in neutral zone.
0:12 of 3rd period - Tommy Vannelli is hit by Antti Suomela and loses puck.
1:46 of 3rd period - Penalty to Kerby Rychel is over, Kerby Rychel is back on ice.
2:37 of 3rd period - Slapshot by Jalen Chatfield.
2:37 of 3rd period - Shot Blocked by Zach Stepan.
2:39 of 3rd period - Snap shot by Kieffer Bellows.
2:39 of 3rd period - Deflect By Mike Hoffman.
2:39 of 3rd period - Shot Misses the Net.
2:39 of 3rd period - Puck is out of play.
2:40 of 3rd period - Sam Carrick wins face-off versus Jake Evans in Bears zone.
4:10 of 3rd period - Snap shot by Wade Allison.
4:10 of 3rd period - Shot Misses the Net.
4:12 of 3rd period - Snap shot by Jake Evans.
4:12 of 3rd period - Shot Blocked by Sam Carrick.
4:41 of 3rd period - Minor Penalty to Liam O'Brien for Tripping.
4:42 of 3rd period - Sam Carrick wins face-off versus Antti Suomela in Wolves zone.
5:30 of 3rd period - Wrist shot by Max Friberg.
5:30 of 3rd period - Shot Blocked by Jakub Zboril.
6:41 of 3rd period - Penalty to Liam O'Brien is over, Liam O'Brien is back on ice.
6:47 of 3rd period - Wrist shot by Kieffer Bellows.
6:47 of 3rd period - Shot Blocked by Derek Forbort.
6:53 of 3rd period - Gianluca Curcuruto is hit by Liam O'Brien and loses puck.
7:06 of 3rd period - Slapshot by Gianluca Curcuruto.
7:06 of 3rd period - Stopped by Ebbe Siönäs with a rebound.
7:08 of 3rd period - Slapshot by Derek Forbort.
7:08 of 3rd period - Stopped by Ebbe Siönäs with a rebound.
7:10 of 3rd period - Slapshot by A.J. Jenks.
7:10 of 3rd period - Shot Misses the Net.
7:12 of 3rd period - Snap shot by A.J. Jenks.
7:12 of 3rd period - Shot Misses the Net.
7:32 of 3rd period - Snap shot by Jake Evans.
7:32 of 3rd period - Stopped by Sami Aittokallio with a rebound.
7:34 of 3rd period - Snap shot by Jake Evans.
7:34 of 3rd period - Goal by Jake Evans - Wolves : 1 - Bears : 3.
7:35 of 3rd period - Antti Suomela wins face-off versus Sam Carrick in neutral zone.
7:38 of 3rd period - Slapshot by Samuel Girard.
7:38 of 3rd period - Shot Blocked by Max Friberg.
7:46 of 3rd period - Wrist shot by Thomas Spelling.
7:46 of 3rd period - Shot Misses the Net.
7:48 of 3rd period - Slapshot by Samuel Girard.
7:48 of 3rd period - Deflect By Sam Carrick.
7:48 of 3rd period - Stopped by Sami Aittokallio with a rebound.
7:50 of 3rd period - Snap shot by Thomas Spelling.
7:50 of 3rd period - Stopped by Sami Aittokallio without a rebound.
7:51 of 3rd period - Zach Stepan wins face-off versus Jake Evans in Bears zone.
7:58 of 3rd period - Wade Allison is hit by Zach Stepan and loses puck.
8:20 of 3rd period - Off-side.
8:21 of 3rd period - Antti Suomela wins face-off versus Sam Carrick in neutral zone.
8:26 of 3rd period - Max Friberg is hit by Thomas Spelling and loses puck.
8:40 of 3rd period - Minor Penalty to Derek Forbort for Cross-checking.
8:41 of 3rd period - Antti Suomela wins face-off versus Max Friberg in Bears zone.
8:45 of 3rd period - Snap shot by Thomas Spelling.
8:45 of 3rd period - Stopped by Sami Aittokallio with a rebound.
8:47 of 3rd period - Slapshot by Jalen Chatfield.
8:47 of 3rd period - Deflect By Eric Robinson.
8:47 of 3rd period - Shot Misses the Net.
8:47 of 3rd period - Puck is out of play.
8:48 of 3rd period - Max Friberg wins face-off versus Antti Suomela in Bears zone.
10:40 of 3rd period - Penalty to Derek Forbort is over, Derek Forbort is back on ice.
10:51 of 3rd period - Off-side.
10:52 of 3rd period - Zach Stepan wins face-off versus Liam O'Brien in neutral zone.
10:55 of 3rd period - Stelio Mattheos is hit by Zach Stepan and loses puck.
12:15 of 3rd period - Wrist shot by Antti Suomela.
12:15 of 3rd period - Stopped by Sami Aittokallio without a rebound.
12:16 of 3rd period - Jake Evans wins face-off versus Zach Stepan in Bears zone.
12:25 of 3rd period - Snap shot by Hayden Hodgson.
12:25 of 3rd period - Stopped by Sami Aittokallio without a rebound.
12:26 of 3rd period - Zach Stepan wins face-off versus Jake Evans in Bears zone.
13:04 of 3rd period - Joshua Leivo is hit by Jakub Zboril and loses puck.
13:42 of 3rd period - Slapshot by Joshua Leivo.
13:42 of 3rd period - Shot Misses the Net.
13:44 of 3rd period - Slapshot by Zach Stepan.
13:44 of 3rd period - Stopped by Ebbe Siönäs with a rebound.
13:57 of 3rd period - Wrist shot by Wade Allison.
13:57 of 3rd period - Shot Blocked by Derek Forbort.
14:15 of 3rd period - Snap shot by Mike Hoffman.
14:15 of 3rd period - Shot Blocked by Jakub Zboril.
14:17 of 3rd period - Snap shot by Mike Hoffman.
14:17 of 3rd period - Shot Misses the Net.
14:19 of 3rd period - Wrist shot by Mike Hoffman.
14:19 of 3rd period - Stopped by Ebbe Siönäs without a rebound.
14:20 of 3rd period - Eric Robinson wins face-off versus Sam Carrick in Wolves zone.
14:33 of 3rd period - Backhand shot by Max Friberg.
14:33 of 3rd period - Deflect By Kerby Rychel.
14:33 of 3rd period - Shot Misses the Net.
14:33 of 3rd period - Puck is out of play.
14:34 of 3rd period - Sam Carrick wins face-off versus Antti Suomela in Wolves zone.
15:05 of 3rd period - Snap shot by A.J. Jenks.
15:05 of 3rd period - Stopped by Ebbe Siönäs with a rebound.
15:23 of 3rd period - Stelio Mattheos is hit by Brett Bulmer and loses puck.
15:46 of 3rd period - Snap shot by Kerby Rychel.
15:46 of 3rd period - Stopped by Ebbe Siönäs with a rebound.
15:48 of 3rd period - Snap shot by Sam Carrick.
15:48 of 3rd period - Shot Misses the Net.
16:30 of 3rd period - Jalen Chatfield is hit by Nikolay Prokhorkin.
16:36 of 3rd period - Slapshot by Kieffer Bellows.
16:36 of 3rd period - Shot Misses the Net.
17:01 of 3rd period - Minor Penalty to Nikolay Prokhorkin for Holding Stick.
17:02 of 3rd period - Antti Suomela wins face-off versus Max Friberg in Bears zone.
17:05 of 3rd period - Wrist shot by Thomas Spelling.
17:05 of 3rd period - Stopped by Sami Aittokallio with a rebound.
19:01 of 3rd period - Penalty to Nikolay Prokhorkin is over, Nikolay Prokhorkin is back on ice.
Goals for this period are 1 for Wolves vs 0 for Bears.
Shots for this period are 8 for Wolves vs 6 for Bears.